 Dungeon Crawl Stone Soup version 0.31.0-10-gcf4a605ca0 (webtiles) character file.

Game seed: 5003265667636524260

1904 Gadfly the Ruffian (level 8, -5/102 HPs)
             Began as a Yellow Draconian Shapeshifter on Jan 26, 2024.
             Was an Initiate of Ru.
             Killed by vampiric draining
             ... invoked by a vampire
              (18 damage)
             ... on level 5 of the Dungeon.
             The game lasted 00:10:32 (4998 turns).

Gadfly the Ruffian (Yellow Draconian Shapeshifter)  Turns: 4998, Time: 00:10:33

Health: -5/102     AC: 24    Str: 18 (19) XL:     8   Next: 94%
Magic:  8/8        EV:  2    Int:  9 (10) God:    Ru [......]
Gold:   252        SH:  5    Dex: 10 (11) Spells: 7/7 levels left

rFire   . .          .
                       - Unarmed
rCold   . . .        (no shield)
rNeg    . . .        (body armour unavailable)
rPois   +            (helmet currently unavailable)
rElec   .            t - melded +0 cloak
rCorr   .            z - melded +0 pair of gloves
SInv    .            o - melded +0 pair of boots
Will    .....        i - amulet of reflection
Stlth   +            s - ring of poison resistance
HPRegen 0.37/turn    (no ring)
MPRegen 0.11/turn

%: reflection
@: tree-form (expiring)
A: stationary, stasis, torment immunity, boosted hp, (spit acid), AC +6,
unfitting armour, (cold-blooded), (acid resistance), deterioration 1, (heat
vulnerability 1)
a: Renounce Religion


You were on level 5 of the Dungeon.
You worshipped Ru.
Ru was noncommittal.
You were a tree.
You visited 2 branches of the dungeon, and saw 7 of its levels.
You also visited: Sewer.

You collected 252 gold pieces.

Inventory:

Hand Weapons
 b - a +3 trident of draining
 A - a +2 quarterstaff of chaos
Armour
 o - a +0 pair of boots (melded)
 t - a +0 cloak (melded)
 z - a +0 pair of gloves (melded)
Jewellery
 i - an amulet of reflection (around neck)
 s - a ring of poison resistance (left branch)
Talismans
 c - a flux talisman
 u - a beast talisman (active)
Wands
 e - a wand of flame (22) (quivered)
 n - a wand of iceblast (13)
 x - a wand of paralysis (7)
Scrolls
 d - 3 scrolls of teleportation
 f - 2 scrolls of enchant armour
 j - a scroll of poison
 k - 3 scrolls of fear
 l - a scroll of fog
 v - 2 scrolls of noise {unknown}
 w - 2 scrolls of identify
 y - a scroll of vulnerability {unknown}
Potions
 g - 3 potions of haste
 h - 2 potions of ambrosia
 p - a potion of attraction
 q - a potion of enlightenment
 r - a potion of curing {unknown}


   Skills:
 + Level 5.0 Fighting
 * Level 5.1 Dodging
 * Level 6.0 Unarmed Combat
 * Level 5.3 Evocations
 * Level 5.5 Shapeshifting


You had 7 spell levels left.
You didn't know any spells.
Your spell library contained the following spells:

 Spells                   Type           Power      Damage    Failure   Level
 Necrotise                Necr           0%         1d4       38%         1
 Call Canine Familiar     Summ           0%         N/A       77%         3
 Sigil of Binding         Hex            0%         N/A       77%         3
 Vampiric Draining        Necr           0%         2d6       77%         3
 Volatile Blastmotes      Fire/Tloc      0%         2d10      77%         3
 Cause Fear               Hex            0%         N/A       99%         4
 Dimensional Bullseye     Hex/Tloc       0%         N/A       99%         4
 Fulminant Prism          Conj/Alch      0%         3d5       99%         4
 Iskenderun's Mystic Bla  Conj/Tloc      0%         2d3       99%         4
 Martyr's Knell           Necr/Summ      0%         N/A       99%         4
 Petrify                  Alch/Erth      0%         N/A       99%         4
 Sticky Flame             Fire/Alch      0%         2d4       99%         4
 Vhi's Electric Charge    Tloc/Air       0%         N/A       99%         4
 Curse of Agony           Necr           0%         N/A       100%        5


Dungeon Overview and Level Annotations

Branches:
Dungeon (6/15)             Temple (1/1) D:6           Sewer (visited)

Altars:
Ashenzari
Elyvilon
Fedhas
Gozag
Hepliaklqana
Makhleb
Okawaru
Qazlal
Ru
Sif Muna
Uskayaw
Vehumet
Wu Jian
Xom
Yredelemnul
Zin
The Shining One


Innate Abilities, Weirdness & Mutations

You are a tree.
Your roots penetrate the ground, keeping you stationary.
You cannot be teleported.
You are immune to unholy pain and torment.
Your maximum health is greatly increased.
Your equipment is partially melded.
((You can spit globs of acid.))
((Your golden yellow scales are hard. (AC +6)))
You cannot fit into any form of body armour.
((You are cold-blooded and may be slowed by cold attacks.))
((You are resistant to acid. (rCorr)))
Your body sometimes deteriorates upon taking damage.
((You are vulnerable to heat. (rF-)))


Message History

The vampire bites you but does no damage.
You barely miss the vampire.
The vampire is severely damaged.
The vampire burns!
You block something's attack. Something bites you but does no damage.
You cannot move.
You feel much better. You block something's attack.
Something bites you but does no damage.
Aiming: Iceblast
Press: ? - help, Shift-Dir - straight line, f - vampire
Aim: a vampire The mass of ice explodes!
The iceblast engulfs something.
The iceblast engulfs you but does no damage.
The iceblast engulfs the vampire!
The vampire partially resists.
The vampire is moderately damaged.
The iceblast engulfs the bombardier beetle!
The bombardier beetle is severely wounded.
Your transformation is almost over.
Something hits you!
* * * LOW HITPOINT WARNING * * *
Something bites you but does no damage.
You cannot move.
You cannot move.
You cannot move.
You cannot move.
You cannot move.
You closely miss something. Something hits you but does no damage.
Something bites you!
* * * LOW HITPOINT WARNING * * *
Something draws strength from your injuries!
You miss something. Something hits you but does no damage.
Something bites you but does no damage.
You barely miss something. Something hits you but does no damage.
Something bites you but does no damage.
You closely miss something. Something hits you but does no damage.
Something bites you but does no damage.
The bombardier beetle waves its antennae.
An adder comes into view.
You closely miss something. Something draws life force from you!!
You die...

##### ###.# ## #.# #.
#.# .. #.# .# #.# .# #.#
####?## ##.##
##.....####.
...##...####..........#
#........♣{V......###.
#...##...####B....#....#
... ##.## ##...##.###.
## #.# ###.S... #.#
#.##.## #+# #.# .. #.# #
.#


You could see a vampire, a bombardier beetle and an adder (wandering).

Vanquished Creatures
  Jeremiah (D:6)
  Grinder (D:5)
  Edmund (D:4)
  A water moccasin (D:6)
  An ice beast (D:6)
  A black bear (D:4)
  A crocodile (Sewer)
  An ogre (D:6)
  A centaur (D:5)
  4 scorpions
  3 hounds
  Crazy Yiuf (D:4)
  3 orc wizards (D:5)
  4 sleepcaps
  2 iguanas (D:6)
  7 gnolls
  6 adders
  A shadow imp (D:6)
  2 ufetubi (D:5)
  3 dart slugs (D:1)
  10 orcs
  5 ball pythons
  5 bats
  5 endoplasms
  6 giant cockroaches
  6 goblins
  9 hobgoblins
  2 jackals (Sewer)
  7 quokkas
  2 frilled lizards
  5 kobolds
  4 rats (D:1)
111 creatures vanquished.

Notes
Turn   | Place    | Note
-------+----------+-------------------------------------------
     0 | D:1      | Gadfly the Draconian Shapeshifter began the quest for the
                  | Orb.
     0 | D:1      | Reached XP level 1. HP: 16/16 MP: 1/1
   138 | D:1      | Reached XP level 2. HP: 23/23 MP: 2/2
   216 | D:1      | Reached skill level 1 in Evocations
   411 | D:1      | Reached XP level 3. HP: 28/28 MP: 3/3
  1259 | D:2      | Gained mutation: Your health recovers twice as slowly from
                  | being drained. [potion of mutation]
  1259 | D:2      | Gained mutation: You sometimes lose your temper in combat.
                  | [potion of mutation]
  1259 | D:2      | Lost mutation: You sometimes lose your temper in combat.
                  | [potion of mutation]
  1261 | D:2      | Lost mutation: Your health recovers twice as slowly from
                  | being drained. [potion of mutation]
  1261 | D:2      | Gained mutation: You are vulnerable to heat. (rF-) [potion
                  | of mutation]
  1261 | D:2      | Gained mutation: Your body sometimes deteriorates upon
                  | taking damage. [potion of mutation]
  1301 | D:3      | Reached XP level 4. HP: 23/36 MP: 4/4
  1828 | D:3      | Found a faded altar of an unknown god.
  2446 | D:4      | Noticed Edmund
  2461 | D:4      | Killed Edmund
  2462 | D:4      | Reached skill level 4 in Unarmed Combat
  2462 | D:4      | Reached XP level 5. HP: 13/42 MP: 5/5
  2764 | D:4      | Reached XP level 6. HP: 46/50 MP: 6/6
  2789 | D:4      | Found a runed translucent door.
  2790 | D:4      | Noticed Crazy Yiuf
  3171 | D:4      | Killed Crazy Yiuf
  3372 | D:5      | Entered Level 5 of the Dungeon
  3378 | D:5      | Noticed Grinder
  3400 | D:5      | Killed Grinder
  3401 | D:5      | Your scales start taking on a golden yellow colour.
  3401 | D:5      | Reached XP level 7. HP: 21/57 MP: 7/7
  3401 | D:5      | Gained mutation: You are resistant to acid. (rCorr) [Yellow
                  | Draconian growth]
  3517 | D:5      | Found a glowing drain.
  3526 | Sewer    | Entered a sewer
  3685 | Sewer    | Got The Penultimate Guide to Wizardry
  4056 | D:5      | You fall into a shaft and drop 1 floor!
  4060 | D:6      | Found a staircase to the Ecumenical Temple.
  4159 | Temple   | Entered the Ecumenical Temple
  4171 | Temple   | Became a worshipper of Ru the Awakened
  4228 | D:6      | Reached skill level 5 in Unarmed Combat
  4331 | D:6      | Reached XP level 8. HP: 28/66 MP: 8/8
  4498 | D:6      | Noticed Jeremiah
  4533 | D:6      | Killed Jeremiah
  4534 | D:6      | Reached skill level 5 in Shapeshifting
  4621 | D:6      | Reached skill level 5 in Evocations
  4794 | D:5      | Reached skill level 5 in Fighting
  4794 | D:5      | Reached skill level 5 in Dodging
  4822 | D:5      | Reached skill level 6 in Unarmed Combat
  4990 | D:5      | HP: 3/102 [vampire (6)]
  4998 | D:5      | Killed from afar by a vampire

Illustrated notes

Levels and vault maps discovered:
D:1:      enne_arrival_octagon_isle, layout_loops_ring
D:2:      layout_loops_cross, minmay_misc_feat_nine_boxes, grunt_ministairs_2,
          minmay_misc_feat_diagonals, minmay_misc_feat_cross
D:3:      layout_loops_ring, shapermc_ecumenical_altar_gd
D:4:      layout_basic, uniq_crazy_yiuf_cottage, uniq_edmund
D:5:      layout_loops_corners, portal_sewer_entry_f, minmay_manual_maat,
          uniq_grinder, uniq_eustachio
D:6:      layout_rooms, minitemple, minmay_temple_entry_junction,
          serial_bayou_pond_d, chequers_serial_rivers_micro_b, uniq_jeremiah,
          uniq_maggie
Temple:   sentei_temple_godly_chess

Skill      XL: |  1  2  3  4  5  6  7  8 |
---------------+-------------------------+-----
Dodging        | 2 3 4 5 |  5.1
Evocations     | 1 2 3 4 5 |  5.3
Fighting       | 2 3 4 5 |  5.0
Unarmed Combat | 4 5 6 |  6.0
Shapeshifting  | 4 5 |  5.5

Action                     |  1- 3 |  4- 6 |  7- 9 || total
---------------------------+-------+-------+-------++-------
  Melee: Unarmed           |    99 |   109 |   222 ||   430
         Tailslap          |     4 |    20 |    35 ||    59
         Punch             |     1 |     5 |     4 ||    10
Ability: Begin Untransform |       |     2 |     1 ||     3
         Breathe Acid      |       |       |     1 ||     1
  Evoke: Wand              |       |       |     1 ||     1
    Use: Scroll            |     4 |     6 |     1 ||    11
         Potion            |     3 |     1 |     3 ||     7
   Stab: Sleeping          |     1 |       |       ||     1
 Armour: Skin              |    32 |    53 |   123 ||   208
  Dodge: Dodged            |    54 |    68 |   118 ||   240
  Block: Other             |       |    23 |    42 ||    65
   Form: Beast             |       |     2 |     1 ||     3
         Flux              |       |       |     1 ||     1
